Map: Pylon LE

Players

Jake

  • Race: Protoss Protoss
  • League: Platinum
  • Spawn Location: 5:00

LigerMaNN - Winner!

  • Race: Zerg Zerg
  • League: Diamond
  • Spawn Location: 11:00

VOD

Have the link to the VOD?

Description

Time

  • Played on: July 1, 2025, 12:04 a.m.
  • Length: 15:25
Show
View Real Time Build Order
Export as new Build Order

Jake Protoss 

Build Orders: 1 Gate Expand, Archon Immortal 

Get SALT Encoding   

  12  0:00  Probe  
  13  0:12  Probe  
  14  0:20  Pylon  
  14  0:24  Probe  
  15  0:38  Probe  
  15  0:40  Gateway  
  16  0:46  Probe, Assimilator  
  16  0:55  Probe  
  18  1:07  Probe  
  19  1:20  Probe  
  20  1:26  Nexus  
  20  1:34  Cybernetics Core  
  20  1:36  Probe  
  21  1:42  Assimilator  
  21  1:47  Pylon  
  21  1:52  Probe  
  22  1:59  Stalker  
  22  2:04  Warp Gate  
  22  2:05  Probe  
  25  2:18  Probe  
  26  2:24  Stalker  
  28  2:33  Probe  
  29  2:37  Robotics Facility  
  29  2:38  Probe  
  29  2:42  Probe  
  30  2:51  Probe  
  31  2:52  Pylon  
  31  2:53  Stalker  
  31  2:55  Probe  
  35  3:04  Probe  
  35  3:09  Probe  
  37  3:13  Probe  
  38  3:20  Gateway  
  38  3:22  Probe  
  38  3:24  Observer  
  40  3:28  Probe  
  41  3:37  Probe  
  42  3:42  Probe  
  42  3:44  Pylon  
  43  3:49  Immortal  
  43  3:51  Probe x2  
  48  3:57  Stalker  
  51  4:03  Probe  
  51  4:05  Probe  
  53  4:15  Stalker  
  53  4:17  Probe  
  56  4:20  Probe  
  57  4:29  Nexus  
  57  4:30  Pylon, Probe  
  57  4:31  Twilight Council  
  57  4:33  Pylon, Probe  
  57  4:35  Assimilator  
  59  4:39  Stalker  
  59  4:40  Assimilator  
  59  4:43  Probe  
  61  4:48  Probe  
  61  4:50  Stalker  
  65  4:55  Immortal  
  65  4:56  Probe  
  70  5:02  Probe  
  70  5:03  Forge  
  70  5:05  Forge  
  71  5:11  Probe  
  71  5:15  Probe  
  71  5:19  Stalker x2  
  77  5:25  Charge  
  77  5:26  Pylon  
  77  5:29  Probe, Protoss Ground Armor Level 1  
  77  5:31  Pylon  
  78  5:38  Probe  
  78  5:39  Protoss Ground Weapons Level 1  
  78  5:40  Immortal, Probe  
  83  5:44  Probe  
  83  5:46  Probe  
  83  5:48  Stalker  
  87  5:52  Probe  
  87  5:56  Probe x2  
  91  6:05  Stalker  
  91  6:06  Probe  
  91  6:10  Probe  
  94  6:11  Templar Archives  
  94  6:14  Probe  
  94  6:17  Pylon  
  96  6:19  Stalker  
  96  6:21  Gateway  
  98  6:28  Probe x3  
  98  6:29  Stalker  
  98  6:31  Immortal  
  107  6:34  Assimilator  
  107  6:36  Assimilator  
  107  6:43  Nexus  
  107  6:44  Probe x2  
  107  6:46  Pylon  
  108  6:47  Probe  
  108  6:50  Pylon  
  110  6:54  Probe  
  110  6:55  Probe  
  110  6:57  High Templar x2  
  116  7:05  Probe  
  116  7:07  Archon  
  117  7:20  Gateway  
  117  7:23  Probe x3  
  117  7:24  Gateway x2  
  117  7:25  Immortal  
  117  7:27  Protoss Ground Armor Level 2, Protoss Ground Weapons Level 2  
  124  7:36  Gateway x2  
  124  7:38  Gateway  
  124  7:42  Gateway  
  124  7:45  Gateway  
  124  7:47  Probe x3  
  124  7:48  Gateway  
  127  7:52  High Templar x2  
  129  8:01  Archon  
  114  8:27  Gateway  
  114  8:28  Gateway  
  114  8:30  Gateway  
  114  8:31  Gateway x2  
  114  8:33  High Templar x2  
  114  8:34  Gateway  
  114  8:36  Probe x3  
  117  8:47  Archon  
  117  8:50  Pylon  
  117  8:55  Pylon  
  117  9:01  Pylon  
  117  9:02  Pylon  
  117  9:04  Pylon  
  117  9:08  Immortal  
  121  9:16  Zealot x2  
  121  9:17  Zealot x4  
  127  9:19  Pylon  
  127  9:22  Pylon  
  127  9:23  Probe x3  
  136  9:33  High Templar x6  
  148  9:38  Zealot  
  148  9:39  Archon, High Templar x2  
  148  9:40  Archon x2  
  148  9:41  Zealot x3  
  148  9:45  Protoss Ground Weapons Level 3  
  144  9:54  Probe x3  
  144  9:58  Immortal  
  131  10:15  Nexus, Zealot x5  
  131  10:16  Zealot  
  131  10:17  Archon  
  131  10:18  Probe  
  131  10:19  Pylon, Probe  
  145  10:22  Pylon  
  145  10:27  Probe  
  146  10:33  Nexus  
  146  10:36  Pylon, Probe x2  
  146  10:39  Pylon, High Templar x3  
  146  10:42  High Templar  
  156  10:44  Probe  
  157  10:57  Protoss Ground Armor Level 3, Probe  
  158  11:04  Zealot x7  
  158  11:05  Zealot  
  158  11:06  Archon  
  158  11:08  Archon  
  174  11:22  Immortal  
  174  11:23  High Templar x2  
  174  11:25  Zealot x3  
  184  11:26  Zealot x2  
  184  11:30  Zealot x2  
  184  11:32  Archon  
  194  11:56  Assimilator  
  194  11:59  Assimilator  
  194  12:06  Gateway x2  
  194  12:08  Gateway  
  194  12:09  Gateway  
  194  12:12  Gateway  
  194  12:15  Zealot x4  
  194  12:25  High Templar x7  
  194  12:26  Zealot  
  184  12:31  Shield Battery  
  184  12:34  Photon Cannon  
  184  12:35  Photon Cannon  
  140  12:44  High Templar x2  
  136  13:00  Immortal  
  138  13:12  Zealot x10  
  152  13:13  Zealot x5  
  148  13:22  Nexus  
  148  13:24  Pylon  
  126  13:27  Pylon  
  116  13:35  High Templar  
  116  13:36  High Templar x3  
  116  13:37  Zealot x5  
  116  13:38  Zealot x8  
  116  13:39  Immortal  
  116  13:40  Archon  
  153  13:42  Archon  
  153  13:57  Shield Battery  
  153  14:02  Photon Cannon  
  153  14:07  Photon Cannon  
  153  14:09  Photon Cannon  
  150  14:12  High Templar x4  
  150  14:13  Zealot x9  
  150  14:14  Zealot x3  
  150  14:15  Archon  
  150  14:16  Archon  
  103  14:35  High Templar x2  
  103  14:36  Zealot x4  
  103  14:37  Zealot x5  
  109  14:51  Archon  
  99  14:53  Probe x3  
  96  15:02  Nexus  
  96  15:03  Pylon  
  96  15:07  Zealot  
  96  15:08  Zealot x3  
  96  15:13  Zealot  
  95  15:14  Zealot  
Show
View Real Time Build Order
Export as new Build Order

LigerMaNN Zerg - Winner!

Build Orders: Hatch First 

Get SALT Encoding   

  12  0:01  Drone  
  13  0:12  Overlord  
  13  0:19  Drone  
  14  0:32  Drone x2  
  16  0:48  Hatchery  
  15  0:51  Drone  
  15  0:55  Drone  
  17  0:59  Drone  
  18  1:10  Extractor  
  17  1:16  Spawning Pool  
  17  1:17  Drone  
  17  1:20  Drone  
  18  1:28  Drone  
  19  1:38  Overlord  
  19  2:02  Zergling x6  
  22  2:16  Drone x2  
  22  2:17  Metabolic Boost  
  24  2:33  Queen x2  
  24  2:35  Drone x4  
  32  2:48  Hatchery  
  30  2:57  Drone x3  
  30  2:58  Drone  
  34  3:22  Queen  
  34  3:24  Overlord x4  
  35  3:30  Overlord x2  
  35  3:51  Drone x7  
  42  3:57  Extractor  
  42  3:59  Overlord  
  41  4:04  Lair  
  41  4:05  Queen  
  41  4:08  Queen  
  44  4:26  Roach Warren, Evolution Chamber  
  44  4:28  Drone x6  
  44  4:29  Drone  
  49  4:32  Drone  
  49  4:34  Drone  
  49  4:35  Drone  
  52  4:51  Queen  
  52  4:52  Queen  
  56  4:53  Drone x2  
  56  4:54  Drone  
  56  4:56  Drone  
  56  4:58  Drone  
  56  4:59  Drone  
  62  5:03  Drone  
  62  5:04  Drone x2  
  62  5:05  Drone  
  66  5:07  Drone  
  66  5:10  Zerg Missile Weapons Level 1  
  66  5:12  Glial Reconstitution  
  67  5:17  Overlord x2  
  67  5:20  Overlord  
  67  5:30  Overseer  
  67  5:41  Roach x9  
  85  5:43  Zergling x8  
  89  5:50  Overseer  
  89  5:51  Zergling x2  
  89  5:52  Zergling x10  
  103  6:11  Roach x4  
  103  6:12  Overlord  
  103  6:13  Overlord  
  103  6:15  Extractor  
  103  6:16  Extractor  
  103  6:17  Drone x2  
  103  6:18  Drone x2  
  105  6:24  Drone x3  
  108  6:27  Drone  
  108  6:29  Drone  
  110  6:38  Hatchery  
  109  6:40  Zergling x6  
  109  6:44  Hatchery  
  111  7:01  Roach x7  
  125  7:02  Roach  
  125  7:03  Overlord  
  127  7:10  Zerg Missile Weapons Level 2  
  127  7:16  Hydralisk Den  
  127  7:19  Baneling Nest, Zergling x18  
  134  7:39  Roach x6  
  134  7:41  Overlord  
  134  7:42  Overlord x3  
  146  7:47  Muscular Augments  
  146  7:50  Drone x2  
  146  7:51  Drone, Extractor  
  149  7:52  Extractor  
  132  8:19  Roach x12  
  143  8:37  Ravager  
  143  8:38  Ravager x4  
  143  8:39  Zergling x2  
  143  8:40  Zergling x16  
  157  8:45  Overlord  
  157  8:46  Overlord x2  
  157  8:51  Grooved Spines  
  157  8:56  Drone x2  
  157  8:57  Drone x3  
  157  9:01  Drone x2  
  131  9:56  Roach x15  
  131  9:57  Roach x18  
  148  10:07  Drone x2  
  148  10:08  Drone x3  
  149  10:20  Centrifugal Hooks  
  149  10:43  Hydralisk  
  149  10:44  Hydralisk x20  
  149  10:49  Zerg Ground Armor Level 1  
  191  11:15  Zergling x18  
  200  11:23  Evolution Chamber  
  200  11:25  Infestation Pit  
  198  11:41  Overseer  
  192  12:15  Zerg Melee Weapons Level 1  
  192  12:18  Hive  
  110  12:48  Roach x15  
  110  12:49  Roach x15  
  110  12:50  Roach  
  156  13:02  Hydralisk x11  
  156  13:03  Hydralisk x7  
  155  13:33  Roach x14  
  183  13:38  Hatchery  
  175  13:45  Overlord x2  
  175  13:46  Overlord x2  
  175  13:47  Hatchery  
  174  13:51  Queen x3  
  174  13:52  Queen  
  144  14:22  Roach x15  
  142  14:35  Roach x4  
  124  14:57  Roach  
  124  14:58  Roach x8  
  148  15:21  Extractor  
  148  15:22  Extractor  
Tags
 
Add a new tag
Caveats
  • Supply blocks, unpowered buildings, or Contaminate may cause inaccurate times.
  • Supply counts are checked every 10 seconds.